 Dungeon Crawl Stone Soup version 0.30-a0-393-g54b8e3be05 (webtiles) character file.

Game seed: 3105389717537590773

3791 vineage the Fighter (level 10, -5/115 HPs)
             Began as an Ogre Fighter on Dec 5, 2022.
             Was a Priest of Okawaru.
             Slain by an orc warrior
             ... wielding a +0 glaive
              (10 damage)
             ... in a bailey.
             The game lasted 00:10:30 (9096 turns).

vineage the Fighter (Ogre Fighter)                  Turns: 9096, Time: 00:10:31

Health: -5/115     AC:  4    Str: 24    XL:     10   Next: 16%
Magic:  0/11       EV: 12    Int:  9    God:    Okawaru [***...]
Gold:   518        SH:  9    Dex: 10    Spells: 9/9 levels left

rFire   . . .      SeeInvis +    a - +1 flail (chaos)
rCold   . . .      Faith    .    c - +0 kite shield
rNeg    . . .      Spirit   +    b - +0 robe
rPois   +          Reflect  .    (helmet restricted)
rElec   .          Harm     .    n - +0 cloak
rCorr   .          Rampage  .    (gloves unavailable)
Will    +....                    (boots unavailable)
Stlth   +++.......               g - amulet of guardian spirit
HPRegen 0.39/turn                k - ring of see invisible
MPRegen 0.12/turn                o - ring of poison resistance

@: mighty, heroic
A: large, unfitting armour, tough skin 1
a: Renounce Religion, Heroism


You were in a bailey.
You worshipped Okawaru.
Okawaru was most pleased with you.
You visited 2 branches of the dungeon, and saw 8 of its levels.
You also visited: Bailey.

You collected 518 gold pieces.

Inventory:

Hand Weapons
 a - a +1 flail of chaos (weapon)
Missiles
 y - 3 throwing nets (quivered)
Armour
 b - a +0 robe (worn)
 c - a +0 kite shield (worn)
 n - a +0 cloak (worn)
Jewellery
 g - an amulet of guardian spirit (around neck)
 k - a ring of see invisible (left hand)
 o - a ring of poison resistance (right hand)
 v - an amulet of regeneration
 x - a ring of fire
Wands
 e - a wand of flame (21)
 z - a wand of roots (23)
Scrolls
 l - 4 scrolls of teleportation
 p - 2 scrolls of poison
Potions
 d - a potion of flight
 f - 4 potions of curing
 h - a potion of attraction
 i - a potion of brilliance {unknown}
 j - a potion of heal wounds
 m - 2 potions of lignification
 q - a potion of degeneration {unknown}
 r - a potion of invisibility {unknown}
 s - a potion of resistance {unknown}
 t - 2 potions of ambrosia
 u - a potion of might
 A - a potion of haste {unknown}
 C - a potion of cancellation {unknown}


   Skills:
 * Level 12.3(17.3) Fighting
 * Level 8.4(13.4) Maces & Flails
 + Level 6.4(11.4) Dodging
 - Level 3.0(8.0) Shields
 + Level 1.7 Invocations


You had 9 spell levels left.
You didn't know any spells.
Your spell library contained the following spells:

 Spells                   Type           Power      Damage    Failure   Level
 Apportation              Tloc           0%         N/A       63%         1
 Necrotise                Necr           0%         1d4       63%         1
 Sting                    Tmut/Pois      0%         1d3       63%         1
 Ensorcelled Hibernation  Hex/Ice        0%         N/A       77%         2
 Poisonous Vapours        Pois/Air       0%         N/A       77%         2
 Ozocubu's Armour         Ice            0%         N/A       94%         3
 Spider Form              Tmut/Pois      0%         N/A       94%         3
 Anguish                  Hex/Necr       0%         N/A       100%        4
 Olgreb's Toxic Radiance  Pois           0%         N/A       100%        4
 Ozocubu's Refrigeration  Ice            0%         4d7       100%        7
 Summon Small Mammal      Summ           Unusable   N/A       N/A         1

Dungeon Overview and Level Annotations

Branches:
Dungeon (7/15)             Temple (1/1) D:5          Bailey (1/1)

Altars:
Ashenzari
Cheibriados
Dithmenos
Elyvilon
Fedhas
Gozag
Hepliaklqana
Kikubaaqudgha
Nemelex Xobeh
Okawaru
Qazlal
Ru
Sif Muna
Trog
Uskayaw
Wu Jian
Xom
Zin
The Shining One

Shops:
D:1 ***   D:2 *   D:5 !

Annotations:
Temple 2 transporters


Innate Abilities, Weirdness & Mutations

You are too large for most types of armour.
You have tough skin. (AC +1)


Message History

You are too injured to fight recklessly!
You are too injured to fight recklessly!
You are too injured to fight recklessly!
You block the orc's attack. The orc closely misses you.
The orc warrior hits you from afar with a +0 glaive.
* * * LOW HITPOINT WARNING * * *
You block the orc warrior's attack. The orc hits you but does no damage.
The orc roars repeatedly.
You block the orc's attack. The orc warrior barely misses you.
You sock the orc warrior!
You kill the orc warrior!
Okawaru accepts your kill. The orc misses you.
The orc hits you from afar with a +0 trident.
* * * LOW HITPOINT WARNING * * *
You sock the orc warrior!
The orc warrior flickers and vanishes for a moment.
The orc warrior is heavily wounded.
You block the orc's attack.
You closely miss the orc warrior.
The orc warrior is heavily wounded.
The orc barely misses you.
The orc warrior hits you with a +0 glaive.
* * * LOW HITPOINT WARNING * * *
You hit the orc warrior but do no damage.
The orc warrior is moving more slowly.
The orc warrior is heavily wounded.
You block the orc's attack.
The orc hits you from afar with a +0 trident.
* * * LOW HITPOINT WARNING * * *
The orc warrior hits you with a +0 glaive!!
* * * LOW HITPOINT WARNING * * *
You sock the orc warrior!
The orc warrior is poisoned.
The orc warrior is severely wounded.
The orc hits you from afar with a +0 halberd.
* * * LOW HITPOINT WARNING * * *
You block the orc's attack.
The orc warrior hits you with a +0 glaive!
You die...

#.~.. .$
#.~.# .$
#.~.######
#.~.......
#.~~~~~~
.....
##o.#
#oo##
##.@#
#∩∩## ####


You could see an orc warrior (invisible, petrifying, very poisoned) and 2 orcs.

Vanquished Creatures
  A deep elf zephyrmancer (D:6)
  The ghost of Verendum the Insei, a novice OpTm (D:5)
  Prince Ribbit (D:5)
  A steam dragon (D:6)
  Menkaure (D:4)
  3 orc warriors
  2 black bears
  A phantom (D:6)
  A kobold brigand (D:6)
  6 scorpions
  A bullfrog (D:6)
  11 wights
  2 howler monkeys
  7 orc priests
  2 jellies
  Crazy Yiuf (D:3)
  A gnoll bouda (D:6)
  4 hounds
  3 iguanas (D:6)
  9 orc wizards
  3 gnolls (D:6)
  10 adders
  A shadow imp (D:5)
  A white imp (D:6)
  An ufetubus (D:4)
  A dart slug (D:3)
  36 orcs
  5 ball pythons
  3 bats
  4 endoplasms
  3 giant cockroaches
  8 goblins
  8 hobgoblins
  4 jackals (D:2)
  2 quokkas
  A frilled lizard (D:3)
  12 kobolds
  2 rats (D:1)
164 creatures vanquished.

Notes
Turn   | Place    | Note
-------+----------+-------------------------------------------
     0 | D:1      | vineage the Ogre Fighter began the quest for the Orb.
     0 | D:1      | Reached XP level 1. HP: 24/24 MP: 1/1
   100 | D:1      | Found Qodaoph's Assorted Antiques.
   131 | D:1      | Found a faded altar of an unknown god.
   176 | D:1      | Reached XP level 2. HP: 32/32 MP: 2/2
   201 | D:1      | Found Hiozxewn's General Store.
   516 | D:1      | Found Ommoz's General Store.
   876 | D:2      | Reached XP level 3. HP: 40/40 MP: 3/3
  1070 | D:2      | Found Cynkorgh's General Store.
  1079 | D:2      | HP: 2/41 [poisoned by an adder]
  1085 | D:2      | Reached skill level 5 in Fighting
  1602 | D:2      | Reached XP level 4. HP: 33/50 MP: 2/4
  2388 | D:3      | Found a runed translucent door.
  2389 | D:3      | Noticed Crazy Yiuf
  2787 | D:3      | You fall into a shaft and drop 1 floor!
  2899 | D:4      | Noticed a scorpion
  2906 | D:4      | Reached XP level 5. HP: 30/59 MP: 3/5
  2916 | D:4      | Reached skill level 6 in Fighting
  2917 | D:4      | Reached XP level 6. HP: 29/68 MP: 3/6
  3191 | D:4      | Noticed Menkaure
  3196 | D:4      | Killed Menkaure
  3609 | D:3      | Killed Crazy Yiuf
  3610 | D:3      | Reached skill level 7 in Fighting
  4208 | D:4      | Reached XP level 7. HP: 60/78 MP: 5/7
  5004 | D:5      | Entered Level 5 of the Dungeon
  5026 | D:5      | Noticed Prince Ribbit
  5043 | D:5      | Killed Prince Ribbit
  5044 | D:5      | Reached skill level 5 in Maces & Flails
  5275 | D:5      | Found a large runed translucent door.
  5275 | D:5      | Found a large runed translucent door.
  5276 | D:5      | Noticed Verendum's ghost (novice OpTm)
  5531 | D:5      | Found a staircase to the Ecumenical Temple.
  5540 | D:5      | Reached skill level 8 in Fighting
  5548 | Temple   | Entered the Ecumenical Temple
  5548 | Temple   | Found a transporter.
  5548 | Temple   | Found a transporter.
  5610 | Temple   | Found a transporter.
  5610 | Temple   | Found a transporter.
  5632 | Temple   | Became a worshipper of Warmaster Okawaru
  5844 | D:5      | Found an ancient bone altar of Kikubaaqudgha.
  5890 | D:5      | Reached XP level 8. HP: 67/88 MP: 6/8
  6067 | D:5      | Found Kyfuq's Distillery.
  6304 | D:5      | Killed Verendum's ghost
  6304 | D:5      | Reached * piety under Okawaru
  6305 | D:5      | Reached skill level 9 in Fighting
  6305 | D:5      | Reached skill level 5 in Dodging
  6567 | D:6      | Reached skill level 10 in Fighting
  6577 | D:6      | Reached XP level 9. HP: 49/101 MP: 5/9
  7046 | D:6      | Reached ** piety under Okawaru
  7708 | D:6      | Reached skill level 11 in Fighting
  8228 | D:6      | Found a hide-covered altar of Uskayaw.
  8432 | D:6      | Noticed a deep elf zephyrmancer
  8449 | D:6      | Killed a deep elf zephyrmancer
  8449 | D:6      | Reached *** piety under Okawaru
  8550 | D:6      | Reached XP level 10. HP: 82/115 MP: 6/10
  8640 | D:6      | Reached skill level 12 in Fighting
  8670 | D:7      | Reached skill level 1 in Invocations
  8693 | D:7      | Found a flagged portal.
  9065 | Bailey   | Entered a bailey
  9096 | Bailey   | HP: 5/115 [orc/+0 halberd (5)]
  9096 | Bailey   | Slain by an orc warrior

Illustrated notes

Levels and vault maps discovered:
D:1:      tarquinn_simple_flora_water_e, layout_basic, serial_shops,
          nicolae_shop_crystal, shop_coins, shop_statue,
          dreamdust_ecumenical_altar_statues
D:2:      layout_loops_ring, serial_shops, nicolae_shop_crystal
D:3:      layout_loops_corners, uniq_crazy_yiuf_cottage
D:4:      layout_layer_cave, uniq_menkaure
D:5:      layout_rooms, nicolae_overflow_hidden_temple, temple_green,
          ebering_ghost_disaster_area, serial_shops, shop_coins,
          uniq_prince_ribbit1
D:6:      minmay_bubble_buster, layout_basic, nicolae_uskayaw_dance_studio,
          minivault_10, guppyfry_early_elven_hall
D:7:      layout_cave_pools, enter_bailey_3, minmay_misc_feat_square
Temple:   hellmonk_temple_divided_pantheon
Bailey:   bailey_polearm_1, bailey

Skill      XL: |  1  2  3  4  5  6  7  8  9 10 |
---------------+-------------------------------+-----
Maces & Flails | 2 3 4 5 6 8 |  8.4
Dodging        | 3 4 5 6 |  6.4
Fighting       | 5 6 7 8 10 11 12 | 12.3
Invocations    | 1 |  1.7
Shields        | |  3.0

Action                   |  1- 3 |  4- 6 |  7- 9 | 10-12 || total
-------------------------+-------+-------+-------+-------++-------
Melee: Flail             |   106 |    80 |   311 |    70 ||   567
Invok: Heroism           |       |       |     3 |     1 ||     4
  Use: Scroll            |     4 |     4 |     8 |     1 ||    17
       Potion            |     1 |     2 |     3 |     2 ||     8
 Stab: Paralysed         |     2 |       |       |       ||     2
       Petrifying        |       |       |     1 |       ||     1
Armor: Robe              |    41 |    14 |    68 |    23 ||   146
Dodge: Dodged            |    42 |    23 |   118 |    50 ||   233
Block: Kite shield       |    48 |    20 |   110 |    53 ||   231

Table legend: (Time is in decaauts)
 A = Elapsed time spent in this place.
 B = Non-inter-level travel time spent in this place.
 C = Inter-level travel time spent in this place.
 D = Time resting spent in this place.
 E = Time spent auto-exploring this place.
 F = Levels seen in this place.
 G = Mean time per level.
                   A        B        C        D        E       F      G
               +--------+--------+--------+--------+--------+-----+--------+
         Total |   9238 |   8937 |    301 |   2650 |   4960 |   9 | 1026.4 |
       Dungeon |   9106 |   8831 |    275 |   2650 |   4894 |   7 | 1300.9 |
        Temple |    101 |     75 |     26 |      0 |     66 |   1 |  101.0 |
        Bailey |     30 |     30 |      0 |      0 |      0 |   1 |   30.0 |
               +--------+--------+--------+--------+--------+-----+--------+

Top non-repeatable levels by time:
     D:6: 2549 daAuts
     D:2: 1578 daAuts
     D:4: 1522 daAuts
     D:3: 1427 daAuts
     D:5: 1289 daAuts
     D:1: 554 daAuts
     D:7: 186 daAuts
  Temple: 101 daAuts
  Bailey: 30 daAuts
